 Dungeon Crawl Stone Soup version 0.24.0-123-gd5b16e6ec5 (webtiles) character file.

Game seed: 10024240108601191429, levelgen mode: deterministic

102 ReteAZ the Covered (level 5, -1/41 HPs)
             Began as a Human Fighter on Dec 29, 2019.
             Killed from afar by Ijyb (6 damage)
             ... with a puff of flame
             ... on level 3 of the Dungeon.
             The game lasted 00:04:25 (1655 turns).

ReteAZ the Covered (Human Fighter)                  Turns: 1655, Time: 00:04:25

Health: -1/41      AC: 11    Str: 19    XL:     5   Next: 6%
Magic:  5/5        EV:  7    Int:  9    God:
Gold:   107        SH:  9    Dex: 12    Spells: 4/4 levels left

rFire    . . .     SeeInvis .   a - +0 long sword
rCold    . . .     Gourm    .   c - +0 shield
rNeg     . . .     Faith    .   n - +0 scale mail
rPois    +         Spirit   .   k - +0 helmet (curse)
rElec    .         Reflect  .   (no cloak)
rCorr    .         Harm     .   i - +0 pair of gloves
MR       .....                  (no boots)
Stlth    ..........             (no amulet)
HPRegen  0.13/turn              (no ring)
MPRegen  0.09/turn              (no ring)

@: no status effects
A: slimy green scales 1, poison resistance, strong 1
a: no special abilities


You were on level 3 of the Dungeon.
You were not hungry.

You visited 1 branch of the dungeon, and saw 3 of its levels.

You collected 107 gold pieces.

Inventory:

Hand Weapons
 a - a +0 long sword (weapon)
 b - a +4 hunting sling
Missiles
 h - a throwing net (quivered)
 o - 69 stones
Armour
 c - a +0 shield (worn)
 i - a +0 pair of gloves (worn)
 k - a cursed +0 helmet (worn)
 n - a +0 scale mail (worn)
Jewellery
 g - a +2 amulet of reflection {unknown}
 l - an uncursed ring of positive energy {unknown}
Scrolls
 p - a scroll of teleportation {unknown}
 q - a scroll of identify {unknown}
Potions
 d - a potion of might
 m - a potion of curing {unknown}
Comestibles
 f - 6 rations
 j - 2 chunks of flesh


   Skills:
 + Level 3.5 Fighting
 * Level 3.3 Long Blades
 + Level 3.5 Armour
 + Level 3.5 Shields


You had 4 spell levels left.
You didn't know any spells.
Your spell library was empty.

Dungeon Overview and Level Annotations

Branches:
Dungeon (3/15)

Altars:
Xom

Annotations:
D:3 Ijyb


Innate Abilities, Weirdness & Mutations

You are partially covered in slimy green scales. (AC +2)
Your system is resistant to poisons. (rPois)
Your muscles are strong. (Str +2)


Message History

Ijyb is heavily wounded.
Ijyb hits you but does no damage.
You closely miss Ijyb.
Ijyb is heavily wounded.
You feel sick.
You are no longer poisoned.
Ijyb hits you.
* * * LOW HITPOINT WARNING * * *
You barely miss Ijyb.
Ijyb is heavily wounded.
Ijyb barely misses you.
Ijyb zaps a wand.
The puff of flame hits you.
* * * LOW HITPOINT WARNING * * *
You hit Ijyb but do no damage.
Ijyb is heavily wounded.
You block Ijyb's attack.
It was a potion of mutation.
You feel extremely strange.
You feel resistant to poisons.
You feel stronger.
Slimy green scales grow over part of your body.
Ijyb zaps a wand.
The puff of flame hits you.
You die...

### # ###..######## ..
#...#......... ...
.$.............## ....
.....P.......(.#
.....##..>...........#
......)g..P..........#
#@(..P≈♣P......#
#.P..≈≈≈≈......#
##...♣≈≈≈P....#
#.P.≈≈♣≈P...#
#♣≈♣≈≈≈≈.#### #.
#.≈≈≈≈≈..# ....
#...≈≈...#
.#..###P...)P♣##
.......#....♣#


You could see Ijyb.

Vanquished Creatures
  An orc wizard (D:3)
  An adder (D:3)
  3 worms (D:2)
  A dart slug (D:1)
  A leopard gecko (D:2)
  5 orcs
  5 bats
  8 goblins
  5 hobgoblins (D:2)
  4 jackals (D:1)
  5 kobolds
  A quokka (D:2)
  3 frilled lizards
  3 rats
46 creatures vanquished.

Notes
Turn   | Place    | Note
-------+----------+-------------------------------------------
     0 | D:1      | ReteAZ the Human Fighter began the quest for the Orb.
     0 | D:1      | Reached XP level 1. HP: 18/18 MP: 1/1
   204 | D:1      | Reached XP level 2. HP: 15/24 MP: 2/2
   838 | D:2      | Found a shimmering altar of Xom.
   863 | D:2      | Reached XP level 3. HP: 21/29 MP: 3/3
  1345 | D:2      | Reached XP level 4. HP: 35/35 MP: 4/4
  1448 | D:2      | Noticed an ogre
  1631 | D:3      | Noticed Ijyb
  1636 | D:3      | Reached XP level 5. HP: 24/41 MP: 5/5
  1655 | D:3      | Gained mutation: Your system is resistant to poisons.
                  | (rPois) [potion of mutation]
  1655 | D:3      | Gained mutation: Your muscles are strong. (Str +2) [potion
                  | of mutation]
  1655 | D:3      | Gained mutation: You are partially covered in slimy green
                  | scales. (AC +2) [potion of mutation]
  1655 | D:3      | Killed from afar by Ijyb

Levels and vault maps discovered:
D:1:      roderic_octagonal_star, layout_basic, st_stairs_9
D:2:      layout_basic, tgw_xom, minmay_goblin_outpost, uniq_jessica
D:3:      layout_rooms, serial_bayou_pond_a, uniq_ijyb

Skill      XL: |  1  2  3  4 |
---------------+-------------+-----
Long Blades    | 3 |  3.3
Fighting       | |  3.5
Armour         | |  3.5
Shields        | |  3.5

Action                   |  1- 3 |  4- 6 || total
-------------------------+-------+-------++-------
Melee: Long sword        |   110 |    44 ||   154
 Fire: Hunting sling     |     4 |    14 ||    18
  Use: Potion            |       |     1 ||     1
  Eat: Chunk             |     2 |     1 ||     3
Armor: Scale mail        |    48 |    21 ||    69
Dodge: Dodged            |    29 |    16 ||    45
Block: Shield            |    60 |    21 ||    81
       Rpst.: Long sword |     8 |     5 ||    13
